 Dungeon Crawl Stone Soup version 0.30.0-10-gfe55d96785 (webtiles) character file.

Game seed: 17788769523228413867

18 monsoonserge the Covered (level 3, 17/31 HPs)
             Began as a Meteoran Fighter on May 15, 2023.
             Was a Follower of Sif Muna.
             Quit the game on level 1 of the Dungeon.
             The game lasted 00:02:00 (339 turns).

monsoonserge the Covered (Meteoran Fighter)          Turns: 339, Time: 00:02:00

Health: 17/31      AC:  7    Str: 20    XL:     3   Next: 8%
Magic:  4/4        EV:  9    Int:  9    God:    Sif Muna [*.....]
Gold:   24         SH:  5    Dex: 13    Spells: 2/2 levels left

rFire   . . .        a - +0 flail
rCold   . . .        c - +0 buckler
rNeg    . . .        b - +0 scale mail
rPois   .            (no helmet)
rElec   .            (no cloak)
rCorr   .            (no gloves)
SInv    .            (no boots)
Will    .....        (no amulet) Stlth
                     (no ring)
HPRegen 0.25/turn    (no ring)
MPRegen 0.09/turn

%: no passive effects
@: glowing
A: sense surroundings 1, otherworldly, glowing, explore regen
a: Renounce Religion, Channel Magic


You were on level 1 of the Dungeon.
You worshipped Sif Muna.
Sif Muna was aware of your devotion.
You visited 1 branch of the dungeon, and saw 2 of its levels.

You collected 24 gold pieces.

Inventory:

Hand Weapons
 a - a +0 flail (weapon)
Armour
 b - a +0 scale mail (worn)
 c - a +0 buckler (worn)
Jewellery
 i - a ring of fire
Scrolls
 h - a scroll of identify {unknown}
Potions
 d - a potion of might
 e - 3 potions of flight {unknown}
 f - a potion of lignification {unknown}
 g - a potion of mutation {unknown}
 j - a potion of cancellation {unknown}


   Skills:
 + Level 3.6 Fighting
 + Level 3.0 Maces & Flails
 + Level 4.0 Armour
 + Level 3.8 Shields


You had 2 spell levels left.
You didn't know any spells.
Your spell library was empty.

Dungeon Overview and Level Annotations

Branches:
Dungeon (2/15) Zot: 848

Altars:
Sif Muna


Innate Abilities, Weirdness & Mutations

You passively map a small area around you.
You are easily found by Zot.
You glow in the dark.
You regain HP and MP as you explore.


Message History

You closely miss the goblin. The goblin closely misses you.
You hit the goblin.
You kill the goblin!
The quokka bites you.
Your Maces & Flails skill increases to level 3!
You barely miss the quokka.
The quokka bites you but does no damage.
You miss the quokka. The quokka bites you. You block the quokka's attack.
You barely miss the quokka. You barely miss the goblin. The quokka bites you.
The goblin closely misses you. The quokka barely misses you.
You closely miss the quokka. The quokka bites you.
You closely miss the quokka. The quokka bites you. x2
You hit the quokka.
You kill the quokka!
You miss the quokka. The quokka bites you.
The quokka bites you but does no damage.
You barely miss the quokka. The quokka closely misses you.
The quokka twitches its whiskers.
You block the quokka's attack.
You thump the quokka!
You kill the quokka!
Your Armour skill increases to level 4!
You have reached level 3!
Your experience leads to an increase in your attributes!
Increase (S)trength, (I)ntelligence, or (D)exterity?
You feel stronger. x3
You sock the goblin!
You kill the goblin!
You see here a +0 club.
There is an open door here.
You see here a +0 dagger.
You open the door.
There is an open door here.
There is a faded altar of an unknown god here.
This altar belongs to (a) Trog, (b) Sif Muna or (c) Ashenzari, but you can't tell which.
Press the corresponding letter to learn more about a god, or press enter to convert or escape to cancel.
Sif Muna accepts your prayer! Sif Muna welcomes you!
You can now call upon Sif Muna for magical energy.
Are you sure you want to abandon this character and quit the game? (Confirm with "yes".)

* , , , * , , ,
. , ,#########
# ,* *
#.......#,
#.......#.##
#..###..#..# *
,#..'@#..#..#
#..###..#..#
,#.......#..#
#.......#..# ,
#.####)####..#
#......).....#
*
...##########.#
*#.#######....#
#.........####


There were no monsters in sight!

Vanquished Creatures
  A dart slug (D:1)
  A bat (D:1)
  2 goblins (D:1)
  A hobgoblin (D:1)
  3 quokkas (D:1)
  3 ball pythons (D:1)
  3 kobolds (D:1)
  A rat (D:1)
15 creatures vanquished.

Notes
Turn   | Place    | Note
-------+----------+-------------------------------------------
     0 | D:1      | monsoonserge the Meteoran Fighter began the quest for the
                  | Orb.
     0 | D:1      | Reached XP level 1. HP: 19/19 MP: 2/2
    98 | D:1      | Reached XP level 2. HP: 26/26 MP: 3/3
   314 | D:1      | Found a faded altar of an unknown god.
   329 | D:1      | Reached skill level 4 in Armour
   329 | D:1      | Reached XP level 3. HP: 13/31 MP: 4/4
   338 | D:1      | Prayed at the altar of an unknown god.
   338 | D:1      | Became a worshipper of Sif Muna the Loreminder
   338 | D:1      | Reached * piety under Sif Muna
   339 | D:1      | Quit the game

Illustrated notes

Levels and vault maps discovered:
D:1:      dpeg_arrival_round_c, layout_loops_corners,
          hellmonk_ecumenical_altar_inner_sanctum
D:2:      layout_rooms, minmay_quadrilaterals

Skill      XL: |  1  2 |
---------------+-------+-----
Maces & Flails | 3 |  3.0
Armour         | 4 |  4.0
Fighting       | |  3.6
Shields        | |  3.8

Action                     || total
---------------------------++-------
  Melee: Flail             ||    43
 Armour: Scale mail        ||    20
  Dodge: Dodged            ||    14
  Block: Buckler           ||     8
